Map: [ESL] Waterfall

Players

Ukko

  • Race: Zerg Zerg
  • Spawn Location: 1:00

PiLiPiLi - Winner!

  • Race: Protoss Protoss
  • Spawn Location: 7:00

Event: DreamHack SC2 Masters 2022 Atlanta (Online)

VOD

Have the link to the VOD?

Description

Time

  • Played on: Oct. 9, 2022, 2:32 p.m.
  • Length: 7:19

All games in this series

Show
View Real Time Build Order
Export as new Build Order

Ukko Zerg 

Build Orders: Hatch First 

Get SALT Encoding   

  12  0:00  Drone  
  13  0:12  Overlord  
  13  0:17  Drone  
  14  0:30  Drone x2  
  16  0:49  Hatchery  
  15  0:52  Drone  
  15  0:55  Drone  
  17  1:00  Drone  
  18  1:06  Extractor  
  17  1:15  Spawning Pool  
  17  1:18  Drone  
  17  1:21  Drone  
  18  1:28  Drone  
  19  1:38  Drone  
  20  1:52  Overlord  
  20  2:01  Queen  
  20  2:02  Queen  
  20  2:03  Zergling x4  
  26  2:08  Metabolic Boost  
  26  2:12  Drone  
  26  2:15  Drone  
  28  2:25  Drone x2  
  30  2:32  Drone  
  30  2:33  Drone  
  32  2:44  Queen  
  34  2:51  Hatchery  
  34  2:55  Overlord  
  34  2:58  Zergling x2  
  34  3:01  Zergling x2  
  34  3:03  Zergling x2  
  36  3:07  Overlord  
  36  3:13  Zergling x2  
  36  3:14  Drone x2  
  36  3:16  Drone x2  
  39  3:29  Drone x5  
  43  3:36  Spore Crawler  
  42  3:43  Spore Crawler, Drone x2  
  42  3:47  Drone  
  44  3:51  Queen  
  44  3:54  Drone  
  47  3:57  Drone x2  
  47  4:01  Drone x2  
  51  4:09  Drone x2  
  53  4:14  Queen  
  55  4:18  Drone x2  
  55  4:19  Overlord  
  55  4:20  Spore Crawler  
  55  4:35  Overlord x2  
  55  4:36  Queen  
  57  4:40  Overlord  
  57  4:45  Lair  
  57  4:53  Queen  
  57  4:54  Drone x7  
  65  5:00  Drone x4  
  65  5:02  Drone x2  
  65  5:06  Roach Warren  
  70  5:08  Extractor  
  70  5:11  Overlord  
  70  5:13  Overlord  
  69  5:16  Drone x2  
  69  5:21  Overlord  
  71  5:23  Drone x3  
  71  5:27  Extractor, Evolution Chamber  
  73  5:28  Drone x2, Extractor  
  73  5:32  Drone x2  
  75  5:42  Drone x7  
  82  5:43  Overseer  
  82  5:45  Queen  
  84  5:52  Overlord, Extractor  
  84  5:54  Drone x5  
  88  5:58  Extractor  
  88  6:03  Queen  
  89  6:05  Spore Crawler, Overlord  
  88  6:13  Roach x4  
  88  6:16  Roach x3  
  101  6:18  Spine Crawler  
  101  6:21  Spine Crawler  
  101  6:22  Overlord x2  
  99  6:29  Roach x2  
  99  6:30  Roach  
  105  6:42  Ravager x4  
  105  6:45  Roach x2  
  100  6:59  Roach x6  
Show
View Real Time Build Order
Export as new Build Order

PiLiPiLi Protoss - Winner!

Build Orders: 1 Gate Expand, Oracle Opening, Phoenix Opening 

Get SALT Encoding   

  12  0:00  Probe  
  13  0:13  Pylon  
  13  0:17  Probe  
  14  0:29  Probe (Chrono Boost)  
  15  0:36  Gateway  
  15  0:41  Probe (Chrono Boost)  
  16  0:45  Probe (Chrono Boost)  
  16  0:49  Assimilator  
  17  0:56  Probe  
  18  1:08  Probe  
  19  1:20  Probe  
  20  1:33  Nexus, Probe  
  20  1:39  Cybernetics Core  
  21  1:45  Probe  
  22  1:49  Assimilator  
  22  1:57  Probe  
  22  2:00  Pylon  
  23  2:15  Adept (Chrono Boost)  
  23  2:18  Probe  
  26  2:23  Stargate  
  26  2:30  Probe  
  26  2:35  Adept (Chrono Boost)  
  27  2:39  Warp Gate  
  27  2:42  Probe  
  30  2:45  Probe  
  31  2:54  Probe  
  31  2:55  Adept (Chrono Boost)  
  31  2:57  Probe  
  35  3:06  Oracle (Chrono Boost), Probe  
  35  3:09  Probe  
  40  3:16  Gateway  
  40  3:18  Probe  
  41  3:21  Probe  
  42  3:30  Probe  
  42  3:34  Probe  
  40  3:37  Phoenix  
  40  3:38  Shield Battery  
  42  3:42  Probe, Pylon  
  42  3:46  Probe  
  44  3:55  Probe  
  45  3:56  Assimilator  
  45  3:58  Assimilator  
  45  3:59  Probe, Gateway  
  46  4:07  Probe  
  46  4:09  Robotics Facility  
  47  4:11  Probe  
  48  4:19  Probe, Pylon  
  48  4:23  Probe  
  50  4:31  Adept, Probe  
  51  4:34  Pylon  
  51  4:35  Probe  
  54  4:40  Sentry  
  54  4:43  Probe  
  57  4:47  Probe  
  58  4:57  Immortal (Chrono Boost)  
  58  5:00  Nexus  
  58  5:02  Pylon  
  58  5:04  Pylon  
  58  5:06  Sentry x2  
  66  5:07  Sentry  
  66  5:14  Gateway  
  68  5:15  Gateway  
  68  5:18  Gateway  
  68  5:28  Gateway  
  68  5:30  Warp Prism (Chrono Boost), Gateway  
  70  5:40  Pylon  
  70  5:41  Gateway  
  70  5:44  Sentry x2  
  70  5:46  Sentry  
  70  5:49  Pylon  
  76  6:02  Pylon  
  76  6:05  Pylon  
  76  6:08  Stalker x3  
  82  6:12  Stalker  
  84  6:25  Stalker x3  
  90  6:45  Stalker x3  
  93  6:47  Stalker x2  
  93  6:54  Zealot x3  
  95  6:58  Zealot  
  97  7:11  Stalker x2  
  97  7:14  Sentry x3  
Tags
 
Add a new tag
Caveats
  • Supply blocks, unpowered buildings, or Contaminate may cause inaccurate times.
  • Supply counts are checked every 10 seconds.